 Dungeon Crawl Stone Soup version 0.20-a0-1006-ge6c5631 (webtiles) character file.

793 Ordine the Cleaver (level 7, 37/41 HPs)
             Began as a Tengu Fighter on Apr 13, 2017.
             Quit the game on level 5 of the Dungeon.
             The game lasted 00:10:22 (3747 turns).

Ordine the Cleaver (Tengu Fighter)                  Turns: 3747, Time: 00:10:23

Health: 37/41      AC:  9    Str: 17    XL:     7   Next: 88%
Magic:  8/8        EV:  5    Int:  9    God:
Gold:   198        SH: 10    Dex: 17    Spells: 6/6 levels left

rFire    . . .     SeeInvis .   a - +1 war axe
rCold    . . .     Gourm    .   c - +1 shield
rNeg     . . .     Faith    .   n - +0 chain mail
rPois    .         Spirit   .   (helmet restricted)
rElec    .         Reflect  .   (no cloak)
rCorr    .         Harm     .   (no gloves)
MR       .....                  (boots unavailable)
Stlth    ..........             p - amulet of regeneration
Regen    0.6/turn               o - +3 ring of dexterity
MPRegen  0.2/turn               b - +1 ring of evasion

@: no status effects
A: beak, talons 3, able to fly 1
a: Fly


You were on level 5 of the Dungeon.
You were very hungry.

You visited 2 branches of the dungeon, and saw 6 of its levels.

You collected 198 gold pieces.

Inventory:

Hand Weapons
 a - a +1 war axe (weapon)
Armour
 c - a +1 shield (worn)
 n - a +0 chain mail (worn)
Jewellery
 b - a +1 ring of evasion (right hand)
 g - an uncursed ring of resist corrosion
 m - an uncursed ring of wizardry
 o - a +3 ring of dexterity (left hand)
 p - an amulet of regeneration (around neck)
 u - an uncursed ring of positive energy
Wands
 r - a wand of flame (48/48)
 x - a wand of digging (7/24)
Scrolls
 j - a scroll of fear
 w - a scroll of fog
 y - 3 scrolls of remove curse
Potions
 d - 2 potions of might
 e - 3 potions of brilliance
 i - a potion of cancellation
 k - 2 potions of haste
 l - a potion of mutation
 q - a potion of agility {unknown}
 t - 2 potions of degeneration {unknown}
 v - 2 potions of lignification {unknown}
 z - a potion of curing {unknown}
Comestibles
 f - 3 bread rations
 h - 2 meat rations
 s - 3 fruits


   Skills:
 - Level 3.0 Fighting
 + Level 9.6 Axes
 - Level 3.2 Armour
 - Level 3.0 Shields


You had 6 spell levels left.
You didn't know any spells.

Dungeon Overview and Level Annotations

Branches:
Dungeon (5/15)             Temple (1/1) D:5

Altars:
Ashenzari
Cheibriados
Dithmenos
Fedhas
Makhleb
Okawaru
Qazlal
Ru
Trog
Uskayaw
Vehumet
Yredelemnul
Zin


Innate Abilities, Weirdness & Mutations

You have a beak for a mouth.
You have claws for feet.
You can fly.


Message History

The gnoll is moderately wounded.
The gnoll barely misses you.
You hit the gnoll.
The gnoll is moderately wounded.
You block the gnoll's attack.
You hit the gnoll. You peck the gnoll, but do no damage.
The gnoll is heavily wounded.
The gnoll hits you.
You closely miss the gnoll. You claw the gnoll, but do no damage.
You peck the gnoll.
The gnoll is severely wounded.
The gnoll hits you but does no damage.
You hit the gnoll.
You kill the gnoll!
A worker ant, 3 gnolls and a gnoll shaman come into view.
The worker ant twitches its antennae in your direction.
The gnoll shaman shouts!
The gnoll shouts! x2
Found 17 gold pieces.
There is a large open door here.
Are you sure you want to abandon this character and quit the game? (Confirm with "yes".)

###.##
*,,,,,,,,,,,,,,,,****,,,*
# #..##
*..,...........,,* **,**
#
#.#.##*..♣,.♣a...♣..*.,*
**** #
#.##.##............,..,*
*,,, #
#.....#,.g........,...,*
*,** #
#####.#..♣..♣....♣..♣$,*
*,,, #
#.#.......g.......,* *,**
# #.#..g..g.........,*
*,** #
#.#*######@'#####*** *,,,
# #.###............# *,**
# #.....######....## *,*
# ####### *.#.##*******,*
# *,.,..,,,,,,,,*
**##*##********


You could see a gnoll shaman, a worker ant and 3 gnolls.

Vanquished Creatures
  Grinder (D:3)
  A sky beast (D:4)
  A phantom (D:4)
  A centaur (D:5)
  A big kobold (D:5)
  A scorpion (D:4)
  A jelly (D:5)
  A bullfrog skeleton (D:5)
  A hound zombie (D:5)
  A gnoll (D:5)
  4 adders
  2 oozes
  An adder skeleton (D:3)
  3 worms (D:2)
  A dart slug (D:1)
  3 leopard geckos
  10 orcs
  A ball python (D:1)
  7 giant cockroaches
  4 goblins (D:3)
  7 hobgoblins
  8 jackals
  11 kobolds
  2 quokkas
  4 bats
  4 frilled lizards
  A leopard gecko skeleton (D:4)
  3 rats
86 creatures vanquished.

Notes
Turn   | Place    | Note
-------+----------+-------------------------------------------
     0 | D:1      | Ordine the Tengu Fighter began the quest for the Orb.
     0 | D:1      | Reached XP level 1. HP: 14/14 MP: 2/2
   156 | D:1      | Reached skill level 3 in Axes
   156 | D:1      | Reached XP level 2. HP: 15/19 MP: 3/3
   763 | D:2      | Reached XP level 3. HP: 19/23 MP: 4/4
   841 | D:2      | Reached skill level 4 in Axes
  1228 | D:2      | Found a sacrificial altar of Ru.
  1329 | D:2      | Reached XP level 4. HP: 28/28 MP: 5/5
  1621 | D:3      | Reached skill level 5 in Axes
  1663 | D:3      | Noticed Grinder
  1663 | D:3      | Paralysed by Grinder for 7 turns
  1675 | D:3      | Killed Grinder
  1675 | D:3      | Reached skill level 7 in Axes
  1675 | D:3      | Gained mutation: You can fly. [Tengu growth]
  1675 | D:3      | Reached XP level 5. HP: 32/32 MP: 6/6
  1675 | D:3      | Reached XP level 6. HP: 37/37 MP: 7/7
  1744 | D:3      | Found a radiant altar of Vehumet.
  2370 | D:4      | Noticed a phantom
  2376 | D:4      | Killed a phantom
  2391 | D:4      | Noticed a sky beast
  2418 | D:4      | Killed a sky beast
  2418 | D:4      | Reached skill level 8 in Axes
  2418 | D:4      | Reached XP level 7. HP: 22/41 MP: 8/8
  3169 | D:5      | Entered Level 5 of the Dungeon
  3343 | D:5      | Reached skill level 9 in Axes
  3376 | D:5      | Found a staircase to the Ecumenical Temple.
  3382 | Temple   | Entered the Ecumenical Temple
  3577 | D:5      | Found a basalt altar of Yredelemnul.
  3577 | D:5      | Found a shadowy altar of Dithmenos.
  3747 | D:5      | Quit the game

Vault maps used:
D:1:      minmay_arrival_stair_chambers
D:2:      nicolae_ru_path_of_blood
D:3:      old_standard_altar, hangedman_abyss_or_decor_lesser_grid, uniq_grinder
D:4:      first_bread, dk_noncrumbling_4
D:5:      gammafunk_temple_overflow_wave, temple_green, kennysheep_dice
Temple:   cyrus_temple_forest

Skill      XL: |  1  2  3  4  5  6  7 |
---------------+----------------------+-----
Axes           | 3 4 7 8 9 |  9.6
Fighting       | |  3.0
Armour         | |  3.2
Shields        | |  3.0

Action                   |  1- 3 |  4- 6 |  7- 9 || total
-------------------------+-------+-------+-------++-------
Melee: War axe           |    81 |    80 |    81 ||   242
       Peck              |     7 |    13 |    17 ||    37
       Kick              |    13 |    18 |    30 ||    61
  Use: Scroll            |     5 |     7 |     6 ||    18
       Potion            |       |     1 |       ||     1
  Eat: Chunk             |     1 |     4 |     2 ||     7
       Fruit             |       |       |     1 ||     1
Armor: Scale mail        |    10 |       |       ||    10
       Chain mail        |    25 |    37 |    32 ||    94
Dodge: Dodged            |    17 |    13 |    13 ||    43
Block: Shield            |    45 |    31 |    35 ||   111
